Map: Sentinel LE

Players

Xador - Winner!

  • Race: Terran Terran
  • League: Platinum
  • Spawn Location: 12:00

Aatasoy - Winner!

  • Race: Protoss Protoss
  • League: Gold
  • Spawn Location: 9:00

KürtBöree - Winner!

  • Race: Protoss Protoss
  • League: Bronze
  • Spawn Location: 9:00

Ivadios

  • Race: Terran Terran
  • League: Bronze
  • Spawn Location: 6:00

Arthas

  • Race: Zerg Zerg
  • Spawn Location: 5:00

Duffman

  • Race: Terran Terran
  • Spawn Location: 5:00

VOD

Have the link to the VOD?

Description

Time

  • Played on: June 5, 2020, 12:46 p.m.
  • Length: 7:52
Show
View Real Time Build Order
Export as new Build Order

Xador Terran - Winner!

Build Orders:  

Get SALT Encoding   

  12  0:03  SCV  
  13  0:16  Supply Depot  
  13  0:26  SCV, Supply Depot  
  14  0:38  SCV  
  15  0:52  Barracks  
  15  0:53  Refinery  
  15  1:06  Supply Depot  
  15  1:07  SCV  
  16  1:28  Supply Depot  
  16  1:32  SCV  
  17  1:36  Barracks  
  17  1:44  SCV  
  18  1:51  Barracks Tech Lab  
  18  1:56  SCV  
  19  2:05  Barracks  
  19  2:08  SCV  
  20  2:19  Barracks  
  20  2:23  Barracks Reactor  
  20  2:25  Marine  
  21  2:39  Engineering Bay  
  21  2:41  Refinery  
  21  2:44  Marine  
  22  2:53  Barracks Reactor  
  22  3:01  Engineering Bay  
  22  3:02  Marine  
  23  3:06  Barracks Reactor  
  23  3:09  SCV  
  24  3:17  Terran Infantry Weapons Level 1  
  24  3:27  Terran Infantry Armor Level 1  
  24  3:31  Marine x2  
  26  3:36  Marine  
  27  3:43  Marine x2  
  29  3:49  Marine  
  29  3:52  Combat Shield  
  30  4:00  Marauder  
  32  4:03  Marine  
  32  4:05  Marine  
  32  4:09  Marine  
  35  4:12  Marine  
  36  4:21  Marine x2  
  36  4:22  Marine  
  39  4:32  Marine x3  
  39  4:37  Marine  
  43  4:39  Marine  
  43  4:42  Marine  
  45  4:45  Marine  
  45  4:50  Marine  
  47  4:59  Supply Depot  
  47  5:20  Marine x4  
  51  5:21  Orbital Command  
  51  5:32  Marine x3  
  54  5:39  Marine  
  55  5:46  Supply Depot  
  55  5:49  Marine  
  55  5:54  Marine x2  
  58  6:09  Marine x3  
  51  6:57  Marine x3  
  48  7:15  Marine x4  
Show
View Real Time Build Order
Export as new Build Order

Aatasoy Protoss - Winner!

Build Orders:  

Get SALT Encoding   

  12  0:25  Pylon  
  12  0:33  Pylon  
  12  0:37  Probe (Chrono Boost)  
  13  0:47  Probe (Chrono Boost)  
  13  0:49  Gateway  
  14  0:55  Gateway  
  14  1:04  Probe  
  14  1:05  Assimilator  
  15  1:16  Probe (Chrono Boost)  
  17  1:26  Probe (Chrono Boost)  
  17  1:31  Probe (Chrono Boost)  
  18  1:40  Cybernetics Core  
  18  1:44  Zealot  
  18  1:45  Zealot  
  22  1:50  Probe  
  23  1:55  Assimilator  
  23  2:02  Probe  
  24  2:14  Probe  
  25  2:22  Zealot  
  27  2:25  Warp Gate (Chrono Boost)  
  27  2:33  Robotics Facility  
  27  2:35  Pylon  
  27  2:44  Gateway  
  27  2:49  Stalker  
  29  2:57  Stalker  
  31  3:12  Forge  
  31  3:23  Immortal (Chrono Boost)  
  35  3:34  Probe  
  36  3:46  Probe  
  37  3:59  Pylon  
  37  4:01  Protoss Shields Level 1 (Chrono Boost)  
  37  4:14  Twilight Council  
  37  4:21  Pylon  
  37  4:37  Immortal  
  41  4:40  Zealot x2  
  45  4:49  Charge (Chrono Boost)  
  45  5:05  Probe  
  46  5:13  Zealot x2  
  50  5:18  Probe  
  51  5:34  Gateway  
  51  5:40  Photon Cannon  
  51  5:43  Photon Cannon  
  51  5:47  Photon Cannon  
  51  6:07  Stalker x2  
  55  6:43  Warp Prism  
  55  6:45  Pylon  
  55  6:46  Pylon  
  55  6:55  Photon Cannon  
  55  6:57  Photon Cannon  
  55  7:01  Photon Cannon  
  57  7:45  Zealot x3  
  57  7:46  Zealot  
Show
View Real Time Build Order
Export as new Build Order

KürtBöree Protoss - Winner!

Build Orders:  

Get SALT Encoding   

  12  0:13  Pylon  
  12  0:38  Gateway  
  12  0:44  Assimilator  
  12  1:09  Probe (Chrono Boost)  
  14  1:19  Probe (Chrono Boost)  
  14  1:24  Probe (Chrono Boost)  
  14  1:29  Cybernetics Core  
  14  1:32  Zealot  
  17  1:35  Probe  
  18  1:47  Probe  
  19  2:10  Twilight Council  
  19  2:15  Gateway  
  19  2:16  Gateway  
  19  2:18  Gateway  
  19  2:19  Warp Gate  
  19  2:23  Zealot  
  21  2:45  Charge (Chrono Boost)  
  21  3:08  Zealot  
  23  3:15  Pylon  
  23  3:18  Pylon  
  23  3:26  Pylon  
  23  3:33  Zealot x3  
  29  3:57  Gateway  
  29  4:14  Zealot x4  
  37  4:39  Zealot x4  
  45  4:49  Pylon  
  45  4:59  Pylon  
  45  5:01  Pylon  
  45  5:35  Zealot x3  
  49  5:37  Zealot  
  37  6:20  Pylon  
  31  6:32  Zealot x5  
  31  7:03  Zealot x3  
Show
View Real Time Build Order
Export as new Build Order

Ivadios Terran 

Build Orders:  

Get SALT Encoding   

  12  0:04  SCV  
  13  0:39  SCV  
  14  0:51  SCV  
  15  0:58  Supply Depot  
  15  1:20  SCV  
  16  1:31  Barracks  
  16  1:32  SCV  
  17  1:36  Supply Depot  
  17  1:44  SCV  
  18  1:56  SCV  
  19  2:02  Refinery  
  19  2:08  SCV, Supply Depot  
  20  2:21  SCV  
  21  2:31  Refinery  
  21  2:33  SCV  
  22  2:45  SCV, Bunker  
  23  3:11  Barracks Tech Lab  
  23  3:19  Supply Depot  
  23  3:37  Command Center  
  23  3:40  Stimpack  
  23  4:20  Engineering Bay  
  23  4:53  Terran Infantry Weapons Level 1  
  23  5:03  Missile Turret  
  23  5:10  Missile Turret  
  23  5:16  SCV x2  
  25  5:28  SCV x2  
  27  5:40  SCV x2  
  29  6:03  Planetary Fortress  
  1  7:41  Supply Depot  
Show
View Real Time Build Order
Export as new Build Order

Arthas Zerg 

Build Orders: Hatch First 

Get SALT Encoding   

  12  0:01  Drone  
  13  0:12  Overlord  
  13  0:21  Drone  
  14  0:35  Drone x3  
  17  0:54  Hatchery  
  16  0:59  Drone x2  
  16  1:04  Extractor  
  17  1:16  Spawning Pool  
  16  1:20  Drone  
  16  1:23  Extractor  
  16  1:25  Drone  
  17  1:30  Drone  
  18  1:41  Drone  
  19  1:55  Drone  
  20  2:03  Lair  
  20  2:07  Drone  
  20  2:08  Drone  
  22  2:17  Metabolic Boost  
  22  2:21  Drone x2  
  24  2:24  Queen  
  26  2:31  Drone x2  
  28  2:44  Overlord x2  
  28  3:06  Drone x2  
  28  3:07  Queen  
  28  3:11  Drone x2  
  28  3:12  Drone, Nydus Network  
  34  3:30  Overlord  
  34  3:31  Zergling x6  
  37  3:39  Zergling x2  
  38  3:53  Zergling x2  
  38  3:54  Zergling x8  
  43  4:10  Zergling x6  
  46  4:21  Nydus Canal  
  46  4:23  Zergling x2  
  46  4:24  Zergling x8  
  51  4:37  Roach Warren  
  50  4:48  Evolution Chamber  
  50  4:49  Drone x3  
  52  4:55  Extractor  
  52  4:56  Extractor  
  52  4:57  Drone x2  
  52  5:08  Overlord x3  
  52  5:23  Overlord x2  
  52  5:27  Drone x2  
  52  5:28  Drone x2  
  56  5:29  Drone  
  57  5:39  Nydus Canal  
  57  5:45  Drone x3  
  57  5:47  Drone  
  57  5:49  Drone x2  
  63  5:54  Spire  
  62  6:07  Nydus Canal  
  62  6:16  Roach  
  62  6:17  Roach x7  
  77  6:46  Roach x7  
Show
View Real Time Build Order
Export as new Build Order

Duffman Terran 

Build Orders:  

Get SALT Encoding   

  12  0:01  SCV  
  13  0:13  SCV  
  14  0:19  Supply Depot  
  14  0:34  SCV, Refinery  
  15  0:45  Barracks  
  15  0:50  SCV  
  16  1:02  SCV  
  17  1:14  SCV  
  18  1:32  Orbital Command  
  18  1:34  Barracks  
  18  1:37  Reaper  
  19  1:43  Refinery  
  19  2:03  SCV  
  20  2:08  Marine  
  20  2:15  SCV  
  22  2:27  SCV  
  22  2:28  Barracks Reactor, Barracks Tech Lab  
  23  2:40  Factory  
  23  2:44  Bunker  
  23  2:49  Supply Depot  
  23  2:51  Supply Depot  
  23  3:03  SCV  
  23  3:11  Stimpack  
  23  3:13  Marine x2  
  23  3:14  Marauder  
  23  3:15  SCV  
  28  3:24  Engineering Bay  
  28  3:27  SCV, Factory Tech Lab  
  28  3:34  Supply Depot  
  29  3:39  SCV, Marine x2  
  29  3:41  Marauder  
  34  3:46  Siege Tank  
  37  3:53  Missile Turret  
  37  3:55  Terran Infantry Weapons Level 1  
  37  4:36  SCV  
  38  4:39  Siege Tank  
  41  4:47  Marine x2  
  41  4:48  Marauder  
  45  4:53  Starport  
  45  5:00  Command Center  
  45  5:06  Marine x2  
  47  5:10  Combat Shield  
  47  5:18  Siege Tank  
  47  5:19  Supply Depot  
  50  5:39  Medivac  
  52  5:49  Terran Infantry Armor Level 1  
  52  5:54  SCV  
  53  6:06  SCV  
  47  6:26  Marine x2  
  47  6:27  Siege Tank, Marauder  
  47  6:31  Medivac  
Tags
 
Add a new tag
Caveats
  • Supply blocks, unpowered buildings, or Contaminate may cause inaccurate times.
  • Supply counts are checked every 10 seconds.